Map: Proxima Station LE

Players

TheMagician - Winner!

  • Race: Protoss Protoss
  • League: Diamond
  • Spawn Location: 1:00

kiljukid

  • Race: Terran Terran
  • League: Diamond
  • Spawn Location: 7:00

VOD

Have the link to the VOD?

Description

Time

  • Played on: Jan. 31, 2017, 12:16 a.m.
  • Length: 7:32
Show
View Real Time Build Order
Export as new Build Order

TheMagician Protoss - Winner!

Build Orders:  

Get SALT Encoding   

  12  0:02  Probe (Chrono Boost)  
  13  0:12  Probe (Chrono Boost)  
  14  0:19  Pylon  
  14  0:23  Probe (Chrono Boost)  
  15  0:38  Probe (Chrono Boost)  
  15  0:42  Gateway  
  16  0:48  Probe (Chrono Boost)  
  17  0:50  Assimilator  
  17  0:56  Assimilator  
  17  0:59  Probe (Chrono Boost)  
  18  1:11  Pylon  
  18  1:26  Probe (Chrono Boost)  
  19  1:36  Probe (Chrono Boost)  
  19  1:37  Cybernetics Core  
  21  1:47  Probe (Chrono Boost)  
  21  1:49  Gateway  
  21  1:57  Probe (Chrono Boost)  
  21  1:58  Pylon  
  21  2:08  Probe (Chrono Boost)  
  22  2:22  Stargate  
  22  2:28  Stargate  
  22  2:40  Pylon  
  22  2:43  Probe (Chrono Boost)  
  23  2:51  Forge  
  23  2:55  Pylon  
  23  3:07  Void Ray  
  27  3:20  Void Ray  
  31  3:39  Photon Cannon  
  31  3:46  Void Ray  
  35  4:13  Void Ray  
  36  5:14  Void Ray  
  36  5:18  Pylon  
  36  5:19  Void Ray  
  42  5:38  Photon Cannon  
  42  5:43  Pylon  
  42  5:47  Photon Cannon  
  41  6:29  Photon Cannon  
  37  6:54  Probe (Chrono Boost)  
  33  7:06  Probe (Chrono Boost)  
  34  7:18  Probe (Chrono Boost)  
Show
View Real Time Build Order
Export as new Build Order

kiljukid Terran 

Build Orders:  

Get SALT Encoding   

  12  0:02  SCV  
  13  0:14  SCV  
  13  0:19  Supply Depot  
  14  0:26  SCV  
  15  0:41  SCV  
  15  0:42  Barracks  
  16  0:45  Refinery  
  16  0:53  SCV  
  18  1:11  SCV  
  18  1:18  Supply Depot  
  17  1:34  Orbital Command  
  17  1:35  Marine  
  18  1:53  Marine  
  19  2:00  Command Center  
  19  2:11  Marine  
  20  2:28  Factory  
  20  2:29  SCV, Marine  
  22  2:34  Refinery  
  22  2:41  SCV  
  23  2:53  SCV  
  23  2:54  Barracks Reactor  
  24  3:05  SCV  
  25  3:12  Starport, Widow Mine  
  27  3:15  Orbital Command  
  27  3:17  SCV  
  28  3:29  SCV, Marine  
  28  3:30  Marine  
  28  3:33  Supply Depot  
  31  3:40  Widow Mine  
  33  3:41  SCV  
  33  3:46  SCV  
  35  3:48  Medivac  
  35  3:50  Marine x2  
  35  3:53  SCV  
  40  3:58  SCV  
  41  4:05  SCV  
  42  4:10  SCV  
  42  4:11  Factory Tech Lab  
  43  4:17  Barracks  
  43  4:18  SCV  
  43  4:19  Starport Reactor  
  43  4:22  Barracks, SCV  
  45  4:24  Marine  
  45  4:25  Marine  
  45  4:30  SCV  
  48  4:32  Supply Depot  
  48  4:34  SCV  
  49  4:42  SCV  
  49  4:43  Marine x2  
  44  4:57  Engineering Bay  
  44  4:59  Viking  
  41  5:00  Marine  
  41  5:01  Marine  
  41  5:03  Viking  
  40  5:15  Marine x2  
  40  5:18  Marine x2  
  29  5:36  Marine x2, Missile Turret  
  29  5:37  Marine  
  29  5:41  Missile Turret  
  29  5:42  Marine  
  33  5:54  Marine x3  
  36  6:00  Marine  
  36  6:01  SCV  
  36  6:02  SCV  
  30  6:13  SCV  
  30  6:14  SCV  
  27  6:30  Missile Turret x2  
  27  6:32  Missile Turret  
  27  6:33  Missile Turret  
  24  7:05  SCV  
  25  7:09  Engineering Bay  
  25  7:12  Barracks  
  25  7:17  SCV  
Tags
 
Add a new tag
Caveats
  • Supply blocks, unpowered buildings, or Contaminate may cause inaccurate times.
  • Supply counts are checked every 10 seconds.